Workbook

Sheet Como usar
A1: Planilha de controle de vendas a prazo – Luz de Caixa
A2: 1. Na aba Vendas, anote cada venda: data, código, cliente, produto, valor total, entrada e número de parcelas.
A3: 2. Na aba Parcelas, crie uma linha para cada parcela, com o código da venda, o vencimento e o valor. Quando a cliente pagar, preencha 'Pago em' e 'Valor pago'.
A4: 3. Células com texto azul são para você preencher. Células com texto preto são fórmulas: não apague.
A5: 4. A aba Resumo mostra quanto você vendeu, quanto já recebeu e quanto está atrasado.
A6: 5. As linhas de exemplo (Ana, Bruna e Carla) servem só para mostrar o formato. Apague-as antes de começar.
A7: 6. As fórmulas vão até a linha 201 de cada aba. Para mais linhas, copie a última linha para baixo.
A8: A situação 'Atrasada' usa a data de hoje do computador: ela se atualiza sozinha todo dia.

Sheet Vendas
A1: Data | B1: Código da venda | C1: Cliente | D1: Produto | E1: Valor total | F1: Entrada | G1: Nº de parcelas | H1: Valor a parcelar | I1: Valor da parcela | J1: Já recebido | K1: Falta receber
A2: 46300 | B2: V001 | C2: Ana | D2: Vestido midi | E2: 300 | F2: 60 | G2: 3 | H2: =IF(B2="","",E2-F2) | I2: =IF(B2="","",IF(G2>0,H2/G2,0)) | J2: =IF(B2="","",F2+SUMIF(Parcelas!$B$2:$B$201,B2,Parcelas!$G$2:$G$201)) | K2: =IF(B2="","",E2-J2)
A3: 46307 | B3: V002 | C3: Bruna | D3: Calça jeans | E3: 200 | F3: 50 | G3: 2 | H3: =IF(B3="","",E3-F3) | I3: =IF(B3="","",IF(G3>0,H3/G3,0)) | J3: =IF(B3="","",F3+SUMIF(Parcelas!$B$2:$B$201,B3,Parcelas!$G$2:$G$201)) | K3: =IF(B3="","",E3-J3)
A4: 46315 | B4: V003 | C4: Carla | D4: Bolsa | E4: 180 | F4: 0 | G4: 3 | H4: =IF(B4="","",E4-F4) | I4: =IF(B4="","",IF(G4>0,H4/G4,0)) | J4: =IF(B4="","",F4+SUMIF(Parcelas!$B$2:$B$201,B4,Parcelas!$G$2:$G$201)) | K4: =IF(B4="","",E4-J4)
H5: =IF(B5="","",E5-F5) | I5: =IF(B5="","",IF(G5>0,H5/G5,0)) | J5: =IF(B5="","",F5+SUMIF(Parcelas!$B$2:$B$201,B5,Parcelas!$G$2:$G$201)) | K5: =IF(B5="","",E5-J5)
H6: =IF(B6="","",E6-F6) | I6: =IF(B6="","",IF(G6>0,H6/G6,0)) | J6: =IF(B6="","",F6+SUMIF(Parcelas!$B$2:$B$201,B6,Parcelas!$G$2:$G$201)) | K6: =IF(B6="","",E6-J6)
H7: =IF(B7="","",E7-F7) | I7: =IF(B7="","",IF(G7>0,H7/G7,0)) | J7: =IF(B7="","",F7+SUMIF(Parcelas!$B$2:$B$201,B7,Parcelas!$G$2:$G$201)) | K7: =IF(B7="","",E7-J7)
H8: =IF(B8="","",E8-F8) | I8: =IF(B8="","",IF(G8>0,H8/G8,0)) | J8: =IF(B8="","",F8+SUMIF(Parcelas!$B$2:$B$201,B8,Parcelas!$G$2:$G$201)) | K8: =IF(B8="","",E8-J8)
H9: =IF(B9="","",E9-F9) | I9: =IF(B9="","",IF(G9>0,H9/G9,0)) | J9: =IF(B9="","",F9+SUMIF(Parcelas!$B$2:$B$201,B9,Parcelas!$G$2:$G$201)) | K9: =IF(B9="","",E9-J9)
H10: =IF(B10="","",E10-F10) | I10: =IF(B10="","",IF(G10>0,H10/G10,0)) | J10: =IF(B10="","",F10+SUMIF(Parcelas!$B$2:$B$201,B10,Parcelas!$G$2:$G$201)) | K10: =IF(B10="","",E10-J10)
H11: =IF(B11="","",E11-F11) | I11: =IF(B11="","",IF(G11>0,H11/G11,0)) | J11: =IF(B11="","",F11+SUMIF(Parcelas!$B$2:$B$201,B11,Parcelas!$G$2:$G$201)) | K11: =IF(B11="","",E11-J11)
H12: =IF(B12="","",E12-F12) | I12: =IF(B12="","",IF(G12>0,H12/G12,0)) | J12: =IF(B12="","",F12+SUMIF(Parcelas!$B$2:$B$201,B12,Parcelas!$G$2:$G$201)) | K12: =IF(B12="","",E12-J12)
H13: =IF(B13="","",E13-F13) | I13: =IF(B13="","",IF(G13>0,H13/G13,0)) | J13: =IF(B13="","",F13+SUMIF(Parcelas!$B$2:$B$201,B13,Parcelas!$G$2:$G$201)) | K13: =IF(B13="","",E13-J13)
H14: =IF(B14="","",E14-F14) | I14: =IF(B14="","",IF(G14>0,H14/G14,0)) | J14: =IF(B14="","",F14+SUMIF(Parcelas!$B$2:$B$201,B14,Parcelas!$G$2:$G$201)) | K14: =IF(B14="","",E14-J14)
H15: =IF(B15="","",E15-F15) | I15: =IF(B15="","",IF(G15>0,H15/G15,0)) | J15: =IF(B15="","",F15+SUMIF(Parcelas!$B$2:$B$201,B15,Parcelas!$G$2:$G$201)) | K15: =IF(B15="","",E15-J15)
H16: =IF(B16="","",E16-F16) | I16: =IF(B16="","",IF(G16>0,H16/G16,0)) | J16: =IF(B16="","",F16+SUMIF(Parcelas!$B$2:$B$201,B16,Parcelas!$G$2:$G$201)) | K16: =IF(B16="","",E16-J16)
... H201: =IF(B201="","",E201-F201) | I201: =IF(B201="","",IF(G201>0,H201/G201,0)) | J201: =IF(B201="","",F201+SUMIF(Parcelas!$B$2:$B$201,B201,Parcelas!$G$2:$G$201)) | K201: =IF(B201="","",E201-J201)

Sheet Parcelas
A1: Cliente | B1: Código da venda | C1: Parcela | D1: Vencimento | E1: Valor da parcela | F1: Pago em | G1: Valor pago | H1: Saldo da parcela | I1: Situação | J1: Dias de atraso
A2: Ana | B2: V001 | C2: 1/3 | D2: 46331 | E2: 80 | H2: =IF(A2="","",E2-G2) | I2: =IF(A2="","",IF(H2<=0,"Paga",IF(D2<TODAY(),"Atrasada","A vencer"))) | J2: =IF(I2="Atrasada",TODAY()-D2,"")
A3: Ana | B3: V001 | C3: 2/3 | D3: 46361 | E3: 80 | H3: =IF(A3="","",E3-G3) | I3: =IF(A3="","",IF(H3<=0,"Paga",IF(D3<TODAY(),"Atrasada","A vencer"))) | J3: =IF(I3="Atrasada",TODAY()-D3,"")
A4: Ana | B4: V001 | C4: 3/3 | D4: 46392 | E4: 80 | H4: =IF(A4="","",E4-G4) | I4: =IF(A4="","",IF(H4<=0,"Paga",IF(D4<TODAY(),"Atrasada","A vencer"))) | J4: =IF(I4="Atrasada",TODAY()-D4,"")
A5: Bruna | B5: V002 | C5: 1/2 | D5: 46323 | E5: 75 | F5: 46323 | G5: 75 | H5: =IF(A5="","",E5-G5) | I5: =IF(A5="","",IF(H5<=0,"Paga",IF(D5<TODAY(),"Atrasada","A vencer"))) | J5: =IF(I5="Atrasada",TODAY()-D5,"")
A6: Bruna | B6: V002 | C6: 2/2 | D6: 46354 | E6: 75 | H6: =IF(A6="","",E6-G6) | I6: =IF(A6="","",IF(H6<=0,"Paga",IF(D6<TODAY(),"Atrasada","A vencer"))) | J6: =IF(I6="Atrasada",TODAY()-D6,"")
A7: Carla | B7: V003 | C7: 1/3 | D7: 46320 | E7: 60 | H7: =IF(A7="","",E7-G7) | I7: =IF(A7="","",IF(H7<=0,"Paga",IF(D7<TODAY(),"Atrasada","A vencer"))) | J7: =IF(I7="Atrasada",TODAY()-D7,"")
A8: Carla | B8: V003 | C8: 2/3 | D8: 46351 | E8: 60 | H8: =IF(A8="","",E8-G8) | I8: =IF(A8="","",IF(H8<=0,"Paga",IF(D8<TODAY(),"Atrasada","A vencer"))) | J8: =IF(I8="Atrasada",TODAY()-D8,"")
A9: Carla | B9: V003 | C9: 3/3 | D9: 46381 | E9: 60 | H9: =IF(A9="","",E9-G9) | I9: =IF(A9="","",IF(H9<=0,"Paga",IF(D9<TODAY(),"Atrasada","A vencer"))) | J9: =IF(I9="Atrasada",TODAY()-D9,"")
H10: =IF(A10="","",E10-G10) | I10: =IF(A10="","",IF(H10<=0,"Paga",IF(D10<TODAY(),"Atrasada","A vencer"))) | J10: =IF(I10="Atrasada",TODAY()-D10,"")
H11: =IF(A11="","",E11-G11) | I11: =IF(A11="","",IF(H11<=0,"Paga",IF(D11<TODAY(),"Atrasada","A vencer"))) | J11: =IF(I11="Atrasada",TODAY()-D11,"")
H12: =IF(A12="","",E12-G12) | I12: =IF(A12="","",IF(H12<=0,"Paga",IF(D12<TODAY(),"Atrasada","A vencer"))) | J12: =IF(I12="Atrasada",TODAY()-D12,"")
H13: =IF(A13="","",E13-G13) | I13: =IF(A13="","",IF(H13<=0,"Paga",IF(D13<TODAY(),"Atrasada","A vencer"))) | J13: =IF(I13="Atrasada",TODAY()-D13,"")
H14: =IF(A14="","",E14-G14) | I14: =IF(A14="","",IF(H14<=0,"Paga",IF(D14<TODAY(),"Atrasada","A vencer"))) | J14: =IF(I14="Atrasada",TODAY()-D14,"")
H15: =IF(A15="","",E15-G15) | I15: =IF(A15="","",IF(H15<=0,"Paga",IF(D15<TODAY(),"Atrasada","A vencer"))) | J15: =IF(I15="Atrasada",TODAY()-D15,"")
H16: =IF(A16="","",E16-G16) | I16: =IF(A16="","",IF(H16<=0,"Paga",IF(D16<TODAY(),"Atrasada","A vencer"))) | J16: =IF(I16="Atrasada",TODAY()-D16,"")
H17: =IF(A17="","",E17-G17) | I17: =IF(A17="","",IF(H17<=0,"Paga",IF(D17<TODAY(),"Atrasada","A vencer"))) | J17: =IF(I17="Atrasada",TODAY()-D17,"")
H18: =IF(A18="","",E18-G18) | I18: =IF(A18="","",IF(H18<=0,"Paga",IF(D18<TODAY(),"Atrasada","A vencer"))) | J18: =IF(I18="Atrasada",TODAY()-D18,"")
H19: =IF(A19="","",E19-G19) | I19: =IF(A19="","",IF(H19<=0,"Paga",IF(D19<TODAY(),"Atrasada","A vencer"))) | J19: =IF(I19="Atrasada",TODAY()-D19,"")
H20: =IF(A20="","",E20-G20) | I20: =IF(A20="","",IF(H20<=0,"Paga",IF(D20<TODAY(),"Atrasada","A vencer"))) | J20: =IF(I20="Atrasada",TODAY()-D20,"")
H21: =IF(A21="","",E21-G21) | I21: =IF(A21="","",IF(H21<=0,"Paga",IF(D21<TODAY(),"Atrasada","A vencer"))) | J21: =IF(I21="Atrasada",TODAY()-D21,"")
... H201: =IF(A201="","",E201-G201) | I201: =IF(A201="","",IF(H201<=0,"Paga",IF(D201<TODAY(),"Atrasada","A vencer"))) | J201: =IF(I201="Atrasada",TODAY()-D201,"")

Sheet Resumo
A1: Indicador | B1: Valor
A2: Total vendido | B2: =SUM(Vendas!E2:E201)
A3: Já recebido (entradas e parcelas pagas) | B3: =SUM(Vendas!J2:J201)
A4: Falta receber | B4: =SUM(Vendas!K2:K201)
A5: Em atraso | B5: =SUMIF(Parcelas!I2:I201,"Atrasada",Parcelas!H2:H201)
A6: A vencer | B6: =SUMIF(Parcelas!I2:I201,"A vencer",Parcelas!H2:H201)
A7: Parcelas atrasadas (quantidade) | B7: =COUNTIF(Parcelas!I2:I201,"Atrasada")
